 Dungeon Sprint DCSS version 0.19-a0-1740-g0bcaf2e (webtiles) character file.

2506 George the Grappler (level 9, -8/101 HPs)
             Began as a Troll Monk on Oct 2, 2016.
             Was a High Priest of Cheibriados.
             Mangled by a seven-headed hydra (11 damage)
             ... in the Dungeon (Sprint IX: "|||||||||||||||||||||||||||||").
             The game lasted 00:05:39 (472 turns).

George the Grappler (Troll Monk)                     Turns: 472, Time: 00:05:39

Health: -8/101     AC:  5    Str: 37    XL:     9   Next: 28%
Magic:  9/14       EV: 21    Int: 19    God:    Cheibriados [*****.]
Gold:   0          SH:  0    Dex: 28    Spells: 0 memorised, 8 levels left

rFire  . . .     SeeInvis .     q - +0 giant spiked club
rCold  . . .     Gourm    +     a - +0 robe
rNeg   . . .     Faith    .     (shield currently unavailable)
rPois  .         Spirit   .     (helmet restricted)
rElec  .         Dismiss  .     (no cloak)
rCorr  .         Reflect  .     (gloves unavailable)
MR     .....     Harm     .     (boots unavailable)
Stlth  ++........ NoTele   +    (no amulet)
                                p - +2 ring of evasion
                                o - +3 ring of strength

@: very slow
A: unfitting armour, claws 3, fast metabolism 3, gourmand, regeneration 1,
shaggy fur 1, tough skin 2
a: Bend Time, Temporal Distortion, Slouch, Step From Time, Renounce Religion


You were in the Dungeon.
You worshipped Cheibriados.
Cheibriados was extremely pleased with you.
You were very full.

You visited 1 branch

Inventory:

Hand Weapons
 q - a +0 giant spiked club (weapon)
Armour
 a - a +0 robe (worn)
Jewellery
 o - a +3 ring of strength (left claw)
 p - a +2 ring of evasion (right claw)
Wands
 m - a wand of acid (7/15)
Scrolls
 h - 2 scrolls of blinking
 k - 3 scrolls of remove curse
 l - 2 scrolls of amnesia
 r - a scroll of fog
 s - a scroll of recharging
 t - 2 scrolls of fear
 u - 2 scrolls of enchant armour
 v - a scroll of identify
Potions
 c - 5 potions of curing
 d - a potion of heal wounds
 e - 2 potions of haste
 f - 4 potions of magic
 g - a potion of berserk rage
 i - a potion of resistance
 j - a potion of invisibility
 n - a potion of agility
Comestibles
 b - 2 bread rations


   Skills:
 + Level 9.8 Fighting
 + Level 9.7 Dodging
 - Level 1.1 Stealth
 + Level 11.4 Unarmed Combat
 + Level 8.7 Invocations


You had 8 spell levels left.
You didn't know any spells.

Dungeon Overview and Level Annotations

Branches:
Dungeon (1/1)

Altars:
Cheibriados
Dithmenos
Elyvilon
Fedhas
Gozag
Hepliaklqana
Kikubaaqudgha
Makhleb
Nemelex Xobeh
Okawaru
Qazlal
Ru
Sif Muna
Trog
Uskayaw
Vehumet
Xom
Yredelemnul
Zin
The Shining One
Beogh
Jiyva
Lugonu


Innate Abilities, Weirdness & Mutations

You are too large for most types of armour.
You have claws for hands.
Your metabolism is lightning-fast.
You like to eat raw meat.
Your natural rate of healing is unusually fast.
You are covered in fur. (AC +1)
You have very tough skin. (AC +2)


Message History

The seven-headed hydra closely misses you.
The seven-headed hydra bites you but does no damage.
The seven-headed hydra misses you.
The seven-headed hydra completely misses you.
Okay, then.
You barely miss the seven-headed hydra.
The seven-headed hydra is moderately wounded.
The seven-headed hydra barely misses you.
The seven-headed hydra bites you.
* * * LOW HITPOINT WARNING * * *
The seven-headed hydra bites you!
* * * LOW HITPOINT WARNING * * *
The seven-headed hydra misses you.
The seven-headed hydra closely misses you.
The seven-headed hydra barely misses you.
The seven-headed hydra bites you.
* * * LOW HITPOINT WARNING * * *
The seven-headed hydra closely misses you.
The seven-headed hydra bites you!
You die...

▓▓▓▓▓▓▓▓▓▓▓▓▓▓▓▓▓▓▓▓▓▓▓▓
...†.tD@......)).....'..
▓▓▓▓▓▓▓▓▓▓▓▓▓▓▓▓▓▓▓▓▓▓▓▓▓▓▓▓▓▓▓▓▓
.................................
▓▓▓▓▓▓▓▓▓▓▓▓▓▓▓▓▓▓▓▓▓▓▓▓▓▓▓▓▓▓▓▓▓
_____________________'....)'(...)
▓▓▓▓▓▓▓▓▓▓▓▓▓▓▓▓▓▓▓▓▓▓▓▓▓▓▓▓▓▓▓▓▓


You could see a seven-headed hydra and a crocodile.

Vanquished Creatures
  A centaur warrior (D)
  A hornet (shapeshifter) (D)
  A spiny frog (D)
  A hippogriff (D)
  A wyvern (D)
  A porcupine (D)
  A black bear (D)
  An orc warrior (D)
  An ogre (D)
  A phantom (D)
  2 centaurs (D)
  2 bullfrogs (D)
  A scorpion (D)
  An orc wizard (D)
  2 iguanas (D)
  A gnoll (D)
  An orc (D)
  A bat skeleton (D)
  A bat zombie (D)
  2 giant cockroaches (D)
  A hobgoblin (D)
  A frilled lizard (D)
  3 rats (D)
29 creatures vanquished.

Notes
Turn   | Place    | Note
-------+----------+-------------------------------------------
     0 | D        | George the Troll Monk began the quest for the Orb.
     0 | D        | Reached XP level 1. HP: 22/22 MP: 0/0
    38 | D        | Noticed a scorpion
    38 | D        | Noticed a centaur
    46 | D        | Killed a centaur
    46 | D        | Reached skill level 5 in Unarmed Combat
    46 | D        | Reached XP level 2. HP: 20/33 MP: 1/1
    46 | D        | Reached XP level 3. HP: 24/40 MP: 2/2
    46 | D        | Reached XP level 4. HP: 30/49 MP: 3/3
    55 | D        | Reached skill level 5 in Fighting
    55 | D        | Reached skill level 5 in Dodging
    55 | D        | Reached skill level 6 in Unarmed Combat
    74 | D        | Found a roughly hewn altar of Beogh.
    74 | D        | Found a snail-covered altar of Cheibriados.
    74 | D        | Found a shadowy altar of Dithmenos.
    74 | D        | Found a white marble altar of Elyvilon.
    74 | D        | Found a blossoming altar of Fedhas.
    74 | D        | Found an opulent altar of Gozag.
    75 | D        | Found a hazy altar of Hepliaklqana.
    76 | D        | Found a viscous altar of Jiyva.
    77 | D        | Found an ancient bone altar of Kikubaaqudgha.
    78 | D        | Became a worshipper of Cheibriados the Contemplative
    78 | D        | Reached * piety under Cheibriados
    78 | D        | Reached ** piety under Cheibriados
    79 | D        | Found a corrupted altar of Lugonu.
    80 | D        | Found a burning altar of Makhleb.
    81 | D        | Found a sparkling altar of Nemelex Xobeh.
    82 | D        | Found an iron altar of Okawaru.
    83 | D        | Found a stormy altar of Qazlal.
    84 | D        | Found a sacrificial altar of Ru.
    85 | D        | Found a deep blue altar of Sif Muna.
    86 | D        | Found a bloodstained altar of Trog.
    87 | D        | Found a hide-covered altar of Uskayaw.
    88 | D        | Found a radiant altar of Vehumet.
    89 | D        | Found a shimmering altar of Xom.
    90 | D        | Found a basalt altar of Yredelemnul.
    91 | D        | Found a glowing silver altar of Zin.
    92 | D        | Found a glowing golden altar of the Shining One.
   124 | D        | Noticed a phantom
   124 | D        | Noticed an ogre
   124 | D        | Noticed an orc warrior
   127 | D        | Reached XP level 5. HP: 57/57 MP: 4/4
   134 | D        | Killed an orc warrior
   134 | D        | Reached skill level 7 in Unarmed Combat
   144 | D        | Reached XP level 6. HP: 39/67 MP: 4/7
   151 | D        | Reached *** piety under Cheibriados
   151 | D        | Reached skill level 8 in Unarmed Combat
   209 | D        | Noticed a wyvern
   209 | D        | Noticed a centaur warrior
   209 | D        | Noticed a hornet
   211 | D        | Reached skill level 5 in Invocations
   211 | D        | Reached XP level 7. HP: 78/78 MP: 9/9
   215 | D        | Killed a hornet
   215 | D        | Reached **** piety under Cheibriados
   215 | D        | Reached skill level 9 in Unarmed Combat
   219 | D        | HP: 1/80 [centaur warrior (10)]
   220 | D        | Killed a centaur warrior
   220 | D        | Reached skill level 10 in Unarmed Combat
   220 | D        | Reached XP level 8. HP: 1/91 MP: 6/12
   448 | D        | Noticed a hippogriff
   448 | D        | Noticed a spiny frog
   449 | D        | Noticed a seven-headed hydra
   451 | D        | Reached ***** piety under Cheibriados
   457 | D        | Killed a spiny frog
   457 | D        | Reached skill level 11 in Unarmed Combat
   457 | D        | Reached XP level 9. HP: 81/100 MP: 12/14
   467 | D        | HP: 5/101 [seven-headed hydra (9)]
   468 | D        | HP: 2/101 [seven-headed hydra (7)]
   472 | D        | Mangled by a seven-headed hydra

Vault maps used:
D:        linesprint

Skill      XL: |  1  2  3  4  5  6  7  8 |
---------------+-------------------------+-----
Fighting       | 4 5 6 7 8 9 |  9.8
Dodging        | 4 5 6 7 8 9 |  9.7
Unarmed Combat | 5 6 7 8 10 11 | 11.4
Invocations    | 3 5 7 8 |  8.7
Stealth        | |  1.1

Action                   |  1- 3 |  4- 6 |  7- 9 || total
-------------------------+-------+-------+-------++-------
Melee: Unarmed           |    16 |    41 |    25 ||    82
       Punch             |       |     4 |     1 ||     5
       Giant spiked club |       |       |     2 ||     2
Invok: Bend Time         |       |     1 |     2 ||     3
       Slouch            |       |       |     1 ||     1
  Use: Potion            |       |       |     5 ||     5
  Eat: Chunk             |     3 |     4 |     1 ||     8
Armor: Robe              |     7 |     5 |     6 ||    18
Dodge: Dodged            |     3 |    16 |    43 ||    62
